 Dungeon Crawl Stone Soup version 0.30-b1-2-g02819fbbbe (webtiles) character file.

Game seed: 10631079440125929726

156 Mesmaeker13 the Conjurer (level 4, -6/37 HPs)
             Began as a Demigod Reaver on July 16, 2023.
             Mangled by an ogre
             ... wielding a +0 giant club
              (25 damage)
             ... on level 4 of the Dungeon.
             The game lasted 00:04:32 (2985 turns).

Mesmaeker13 the Conjurer (Demigod Reaver)           Turns: 2985, Time: 00:04:33

Health: -6/37      AC:  5    Str: 13    XL:     4   Next: 92%
Magic:  10/10      EV: 12    Int: 19    God:
Gold:   133        SH:  0    Dex: 12    Spells: 7/8 levels left

rFire   + . .        r - +2 battleaxe (elec)
rCold   . . .        (shield currently unavailable)
rNeg    . . .        b - +0 leather armour
rPois   .            j - +0 helmet
rElec   .            (no cloak)
rCorr   .            s - +0 pair of gloves
SInv    .            (no boots)
Will    .....        p - amulet of magic regeneration
Stlth   +            i - ring of protection from fire
HPRegen 0.26/turn    (no ring)
MPRegen 0.52/turn

%: no passive effects
@: no status effects
A: high MP 1, forlorn, divine attributes
a: no special abilities


You were on level 4 of the Dungeon.
You visited 1 branch of the dungeon, and saw 4 of its levels.

You collected 133 gold pieces.

Inventory:

Hand Weapons
 r - a +2 battleaxe of electrocution (weapon)
Missiles
 o - 5 poisoned darts (quivered)
Armour
 b - a +0 leather armour (worn)
 j - a +0 helmet (worn)
 k - a +0 kite shield
 s - a +0 pair of gloves (worn)
Jewellery
 i - a ring of protection from fire (left hand)
 p - an amulet of magic regeneration (around neck)
Wands
 n - a wand of charming (6)
Scrolls
 c - 3 scrolls of magic mapping
 d - 2 scrolls of identify {unknown}
 g - a scroll of silence {unknown}
 l - a scroll of enchant weapon {unknown}
 t - a scroll of fear {unknown}
 u - a scroll of teleportation {unknown}
 v - a scroll of acquirement {unknown}
 w - a scroll of vulnerability {unknown}
Potions
 a - a potion of berserk rage {unknown}
 e - a potion of invisibility {unknown}
 f - 2 potions of flight {unknown}
 h - 2 potions of curing
 m - 2 potions of lignification {unknown}
 q - 2 potions of heal wounds {unknown}


   Skills:
 + Level 2.7 Fighting
 - Level 2.6 Long Blades
 + Level 0.9 Axes
 + Level 2.7 Dodging
 + Level 2.5 Spellcasting
 + Level 3.5 Conjurations


You had 7 spell levels left.
You knew the following spells:

 Your Spells              Type           Power      Damage    Failure   Level
a - Kiss of Death         Conj/Necr      36%        2d8       10%         1

Your spell library contained the following spells:

 Spells                   Type           Power      Damage    Failure   Level
 Momentum Strike          Conj/Tloc      18%        3d8       16%         2
 Hailstorm                Conj/Ice       9%         3d4       30%         3


Dungeon Overview and Level Annotations

Branches:
Dungeon (4/15)             Temple (0/1) D:4


Innate Abilities, Weirdness & Mutations

You have an increased reservoir of magic. (+10% MP)
You shall have no god before yourself.
Your divine heritage dramatically boosts your attributes as you level up.


Message History

The ball python constricts you.
You closely miss the ball python. The ball python closely misses you.
The ball python constricts you. The ball python barely misses you.
The ball python constricts you.
You slash the ball python!
Lightning courses through the ball python!
You kill the ball python!
There is a stone staircase leading down here.
You start resting.
HP restored.
You climb downwards.
There is a stone staircase leading up here.
The ogre shouts!
Okay, then.
It was a potion of curing.
You feel better.
Throw: 6 darts (poison)
Press: ? - help, Q - select action, (/) - cycle Shift-Dir - straight line, f - ogre
Aim: an ogre, wielding a +0 giant club (73% to hit)
You throw a poisoned dart.
The poisoned dart barely misses the ogre.
Unknown command.
You barely miss the ogre. The ogre hits you but does no damage.
The ogre barely misses you.
You slash the ogre!
The ogre is heavily wounded.
The ogre hits you but does no damage.
You hit the ogre.
The ogre is heavily wounded.
The ogre hits you with a +0 giant club!
You slash the ogre!
The ogre is almost dead.
The ogre closely misses you.
You barely miss the ogre.
The ogre is almost dead.
The ogre hits you with a +0 giant club!
You barely miss the ogre.
The ogre is almost dead.
The ogre hits you with a +0 giant club!!
Ouch! That really hurt!
You die...

#..#####...#.#.#.......)#
##.## ####|..#.#........<#
...####....).............#
..###...#####.###........#
#.......## #..##........#
####..#..# ##.##........#
#..###.#####..#...........#
###.##
#........O.........###
....# ###......@........##
#########..############...#
####....## #... ###.<..####
#### ....#### #####


You could see an ogre.

Vanquished Creatures
  An iguana (D:4)
  Jessica (D:3)
  4 adders
  2 dart slugs
  4 endoplasms
  A giant cockroach (D:4)
  8 goblins
  5 hobgoblins
  8 jackals (D:1)
  4 kobolds
  2 quokkas
  12 ball pythons
  3 bats
  3 rats
58 creatures vanquished.

Notes
Turn   | Place    | Note
-------+----------+-------------------------------------------
     0 | D:1      | Mesmaeker13 the Demigod Reaver began the quest for the Orb.
     0 | D:1      | Reached XP level 1. HP: 17/17 MP: 5/5
    69 | D:1      | Reached XP level 2. HP: 6/24 MP: 7/7
   582 | D:1      | Reached skill level 3 in Conjurations
   927 | D:2      | Reached XP level 3. HP: 26/29 MP: 8/8
  2015 | D:3      | Noticed Jessica
  2021 | D:3      | Killed Jessica
  2022 | D:3      | Reached XP level 4. HP: 14/37 MP: 10/10
  2700 | D:4      | Found a staircase to the Ecumenical Temple.
  2871 | D:4      | Noticed an ogre
  2985 | D:4      | Mangled by an ogre

Illustrated notes

Levels and vault maps discovered:
D:1:      dpeg_arrival_ternary, layout_rooms, st_stairs_8
D:2:      layout_rooms, basic_altar
D:3:      layout_basic, kennysheep_ying_yang, grunt_temple_overflow_cloverleaf,
          shapermc_ecumenical_altar_petra, uniq_jessica
D:4:      layout_rooms, minmay_temple_entry_grid

Skill      XL: |  1  2 |
---------------+-------+-----
Fighting       | 2 |  2.7
Dodging        | 2 |  2.7
Spellcasting   | 2 |  2.5
Conjurations   | 3 |  3.5
Long Blades    | |  2.6
Axes           | |  0.9

Action                     |  1- 3 |  4- 6 || total
---------------------------+-------+-------++-------
  Melee: Falchion          |   154 |       ||   154
         Punch             |     1 |       ||     1
         Battleaxe         |     8 |    44 ||    52
  Throw: Dart              |     2 |     5 ||     7
   Cast: Kiss of Death     |     1 |       ||     1
    Use: Scroll            |     1 |       ||     1
         Potion            |       |     1 ||     1
 Armour: Leather armour    |    61 |    24 ||    85
  Dodge: Dodged            |   115 |    41 ||   156
